 Dungeon Crawl Stone Soup version 0.29-a0-1023-g6ae1a4a2c7 (webtiles) character file.

Game seed: 10904611675432746284

125 mathmaestro the Grave Robber (level 4, 0/34 HPs)
             Began as a Demonspawn Necromancer on Aug 11, 2022.
             Slain by Grinder (6 damage)
             ... on level 3 of the Dungeon.
             The game lasted 00:07:15 (2699 turns).

mathmaestro the Grave Robber (DsNe)                 Turns: 2699, Time: 00:07:15

Health: 0/34       AC:  4    Str:  8 (9)  XL:     4   Next: 82%
Magic:  17/17      EV: 12    Int: 17 (18) God:
Gold:   130        SH:  0    Dex: 13      Spells: 1/9 levels left

rFire   . . .      SeeInvis .   k - +0 dagger
rCold   . . .      Faith    .   (no shield)
rNeg    + . .      Spirit   .   a - +0 robe
rPois   .          Reflect  .   (no helmet)
rElec   .          Harm     .   (no cloak)
rCorr   .          Rampage  .   (no gloves)
Will    .....                   (no boots)
Stlth   ++........              (no amulet)
HPRegen 0.11/turn               c - ring of magical power
MPRegen 0.15/turn               m - ring of positive energy

@: about to teleport
A: icy blue scales 1
a: no special abilities


You were on level 3 of the Dungeon.
You visited 1 branch of the dungeon, and saw 3 of its levels.

You collected 130 gold pieces.

Inventory:

Hand Weapons
 d - a +0 falchion
 k - a +0 dagger (weapon)
Armour
 a - a +0 robe (worn)
Jewellery
 c - a ring of magical power (left hand)
 m - a ring of positive energy (right hand)
Scrolls
 b - a scroll of identify
 j - a scroll of enchant weapon {unknown}
 l - a scroll of blinking
 n - a scroll of teleportation
 o - a scroll of fear {unknown}
Potions
 f - a potion of resistance
 g - a potion of mutation


   Skills:
 + Level 2.3 Fighting
 - Level 2.0 Dodging
 - Level 2.0 Stealth
 + Level 3.0 Spellcasting
 + Level 5.2 Necromancy


You had one spell level left.
You knew the following spells:

 Your Spells              Type           Power      Damage    Failure   Level
a - Necrotise             Necr           80%        1d8       1%          1
b - Vampiric Draining     Necr           20%        2d7       6%          3
c - Animate Dead          Necr           20%        N/A       21%         4

Your spell library contained the following spells:

 Spells                   Type           Power      Damage    Failure   Level
 Ensorcelled Hibernation  Hex/Ice        4%         N/A       26%         2
 Passwall                 Tmut/Erth      1%         N/A       26%         2
 Swiftness                Air            2%         N/A       45%         3
 Agony                    Necr           20%        N/A       50%         5
 Haunt                    Necr/Summ      5%         N/A       100%        7
 Infestation              Necr           10%        N/A       100%        8


Dungeon Overview and Level Annotations

Branches:
Dungeon (3/15)

Altars:
Fedhas
Yredelemnul

Shops:
D:1 (

Annotations:
D:3 Grinder


Innate Abilities, Weirdness & Mutations

You are partially covered in icy blue scales. (AC +2)


Message History

Grinder hits you!
* * * LOW HITPOINT WARNING * * *
You barely miss Grinder.
Grinder is lightly wounded.
Grinder closely misses you.
Your hobgoblin skeleton hits Grinder.
Blink to where?
Press: ? - help, Dir - move target
As you read the scroll labelled RIEWAIGGOKHE, it crumbles to dust.
It was a scroll of blinking.
The air fills with toxic fumes!
As you read the scroll labelled OFFEFUW SIES, it crumbles to dust.
It was a scroll of poison.
Your hobgoblin skeleton crumbles into dust!
Okay, then.
Press: ? - help, v - describe, . - travel
Here: Grinder (poison gas, moderately wounded)
The floor.
Unknown command.
Grinder gestures at you.
You suddenly lose the ability to move!
Grinder gestures at you. Pain shoots through your body!
* * * LOW HITPOINT WARNING * * *
You can move again.
Unknown command.
Unknown command.
Okay, then.
As you read the scroll labelled VOEWUT ZEUMM, it crumbles to dust.
Your body is wracked with pain!
* * * LOW HITPOINT WARNING * * *
The kobold convulses!
It was a scroll of torment.
The kobold is engulfed in poison gas.
The kobold is poisoned.
You kill the kobold!
As you read the scroll labelled ILAUNIU AWAMAOR, it crumbles to dust.
You feel strangely unstable.
It was a scroll of teleportation.
Grinder barely misses you.
You closely miss Grinder.
Grinder is lightly wounded.
Grinder hits you.
You die...

#.##.##. ###....###
#......... #.........
#.####.....####
#..........#...
#######.....#.≈≈
######☼°§☼§§§.....#.≈.
#§§§°@○☼##.#......#.≈.
##.##5#§§§#.......##.≈.
#..§§#.§○§§☼☼§..#.##.≈.
#§§☼§#.§§°○°.○..#.##.≈.
#P§.######○§○☼..#...≈.#
#§☼P#_#..#.☼####....≈.#
#§°.#.#..#.)## #....≈.#
#.§#...PPK.P.# #....≈.#
#..#.PP⌠⌠P...# ####.≈.#


You could see Grinder.

Vanquished Creatures
  Jessica (D:2)
  Terence (D:2)
  4 adders
  A worm (D:2)
  4 bats
  3 endoplasms
  A giant cockroach (D:2)
  2 goblins (D:2)
  4 hobgoblins
  6 ball pythons
  3 frilled lizards
  6 kobolds
  A rat (D:2)
37 creatures vanquished.

Vanquished Creatures (collateral kills)
  A frilled lizard (D:3)
1 creature vanquished.

Vanquished Creatures (others)
  A plant (D:3)
1 creature vanquished.

Grand Total: 39 creatures vanquished

Notes
Turn   | Place    | Note
-------+----------+-------------------------------------------
     0 | D:1      | mathmaestro the Demonspawn Necromancer began the quest for
                  | the Orb.
     0 | D:1      | Reached XP level 1. HP: 13/13 MP: 3/3
   471 | D:1      | Found Orghoadot's Weapon Shop.
   851 | D:2      | Gained mutation: You are partially covered in icy blue
                  | scales. (AC +2) [demonic ancestry]
   851 | D:2      | Reached XP level 2. HP: 20/20 MP: 1/5
   883 | D:2      | Reached skill level 1 in Fighting
   884 | D:2      | HP: 1/21 [poisoned by an adder]
   911 | D:2      | Noticed Jessica
  1176 | D:2      | Noticed Terence
  1317 | D:2      | Killed Terence
  1318 | D:2      | Reached XP level 3. HP: 9/26 MP: 3/6
  1894 | D:2      | Reached XP level 4. HP: 33/33 MP: 8/8
  1928 | D:2      | Reached skill level 5 in Necromancy
  1932 | D:2      | Learned a level 3 spell: Vampiric Draining
  1937 | D:2      | Learned a level 4 spell: Animate Dead
  1999 | D:2      | Killed Jessica
  2156 | D:3      | Found a blossoming altar of Fedhas.
  2157 | D:3      | Found a basalt altar of Yredelemnul.
  2351 | D:3      | Noticed Grinder
  2373 | D:3      | Paralysed by Grinder for 5 turns
  2384 | D:3      | Paralysed by Grinder for 2 turns
  2668 | D:3      | Found a faded altar of an unknown god.
  2693 | D:3      | Paralysed by Grinder for 4 turns
  2699 | D:3      | Slain by Grinder

Illustrated notes

Levels and vault maps discovered:
D:1:      psy_arrival_fountain, layout_basic, serial_shops, shop_statue
D:2:      layout_rooms, minmay_misc_feat_nine_boxes, uniq_jessica, uniq_terence
D:3:      layout_basic, nicolae_overflow_squiral,
          shapermc_ecumenical_altar_mp_ritualfount, uniq_grinder

Skill      XL: |  1  2  3  4 |
---------------+-------------+-----
Stealth        | 2 |  2.0
Dodging        | 2 |  2.0
Fighting       | 1 2 |  2.3
Necromancy     | 5 |  5.2
Spellcasting   | 3 |  3.0

Action                   |  1- 3 |  4- 6 || total
-------------------------+-------+-------++-------
Melee: Dagger            |    29 |    17 ||    46
       Punch             |       |     1 ||     1
 Cast: Necrotise         |    54 |    27 ||    81
       Vampiric Draining |       |     1 ||     1
  Use: Potion            |     4 |     2 ||     6
       Scroll            |       |     6 ||     6
 Stab: Sleeping          |       |     2 ||     2
Armor: Robe              |    13 |     9 ||    22
Dodge: Dodged            |    44 |    12 ||    56

Table legend: (Time is in decaauts)
 A = Elapsed time spent in this place.
 B = Non-inter-level travel time spent in this place.
 C = Inter-level travel time spent in this place.
 D = Time resting spent in this place.
 E = Time spent auto-exploring this place.
 F = Levels seen in this place.
 G = Mean time per level.
                   A        B        C        D        E       F      G
               +--------+--------+--------+--------+--------+-----+--------+
         Total |   2698 |   2552 |    146 |    692 |   1337 |   3 |  899.3 |
       Dungeon |   2698 |   2552 |    146 |    692 |   1337 |   3 |  899.3 |
               +--------+--------+--------+--------+--------+-----+--------+

Top non-repeatable levels by time:
     D:1: 1137 daAuts
     D:2: 995 daAuts
     D:3: 565 daAuts
